 Seeded DCSS version 0.29-a0-284-gf9362112df (webtiles) character file.

Game seed: 4069715387981020196 (custom seed)

2 gzilladon the Grave Robber (level 1, -3/13 HPs)
             Began as a Demonspawn Necromancer on Mar 25, 2022.
             Slain by a kobold
             ... wielding a +0 club
              (4 damage)
             ... on level 1 of the Dungeon.
             The game lasted 00:02:09 (310 turns).

gzilladon the Grave Robber (Demonspawn Necromancer)  Turns: 310, Time: 00:02:10

Health: -3/13      AC:  2    Str:  8    XL:     1   Next: 25%
Magic:  3/3        EV: 12    Int: 22    God:
Gold:   0          SH:  0    Dex: 13    Spells: 2/4 levels left

rFire   . . .      SeeInvis .   (no weapon)
rCold   . . .      Faith    .   (no shield)
rNeg    . . .      Spirit   .   a - +0 robe
rPois   .          Reflect  .   (no helmet)
rElec   .          Harm     .   (no cloak)
rCorr   .          Rampage  .   (no gloves)
Will    .....                   (no boots)
Stlth   ++........              (no amulet)
HPRegen 0.04/turn               c - +6 ring of intelligence
MPRegen 0.08/turn               f - ring of wizardry

@: no status effects
A: no striking features
a: no special abilities


You were on level 1 of the Dungeon.
You visited 1 branch of the dungeon, and saw 1 of its levels.

Inventory:

Armour
 a - a +0 robe (worn)
Jewellery
 c - a +6 ring of intelligence (left hand)
 f - a ring of wizardry (right hand)
Scrolls
 d - a scroll of identify {unknown}
Potions
 b - a potion of magic
 e - a potion of cancellation {unknown}


   Skills:
 + Level 1.7 Dodging
 + Level 1.7 Stealth
 + Level 2.0 Spellcasting
 + Level 4.5 Necromancy


You had 2 spell levels left.
You knew the following spells:

 Your Spells              Type           Power      Damage    Failure   Level
a - Pain                  Necr           88%        1d8       1%          1
b - Animate Skeleton      Necr           44%        N/A       1%          1

Your spell library contained the following spells:

 Spells                   Type           Power      Damage    Failure   Level
 Vampiric Draining        Necr           22%        2d7       2%          3
 Animate Dead             Necr           11%        N/A       9%          4
 Agony                    Necr           22%        N/A       24%         5


Dungeon Overview and Level Annotations

Branches:
Dungeon (1/15)

Altars:


Message History

The quokka barely misses your rat skeleton.
You see here a murky white potion.
The quokka bites your rat skeleton.
Your rat skeleton closely misses the quokka.
The quokka bites your rat skeleton.
Your rat skeleton bites the quokka.
The quokka barely misses your rat skeleton.
The quokka barely misses your rat skeleton.
Your rat skeleton barely misses the quokka.
The quokka bites your rat skeleton.
Your rat skeleton bites the quokka but does no damage.
The quokka bites your rat skeleton.
Your rat skeleton is destroyed!
The quokka bites you.
You hit the quokka but do no damage.
The quokka is heavily wounded.
The quokka bites you but does no damage.
You barely miss the quokka.
The quokka is heavily wounded.
The quokka closely misses you.
You closely miss the quokka.
The quokka is heavily wounded.
The quokka closely misses you.
You hit the quokka.
The quokka is almost dead.
The quokka closely misses you. x2
You hit the quokka but do no damage.
The quokka is almost dead.
The quokka bites you.
You hit the quokka.
You kill the quokka!
You closely miss the kobold. The kobold misses you.
You hit the kobold but do no damage. The kobold hits you with a +0 club.
You closely miss the kobold. The kobold hits you with a +0 club.
* * * LOW HITPOINT WARNING * * *
The kobold attacks as you move away! The kobold barely misses you.
The kobold throws a stone.
The stone hits you.
* * * LOW HITPOINT WARNING * * *
You see here a murky white potion.
The kobold attacks as you move away! The kobold hits you with a +0 club.
You die...

##...#.. ##
.####.#.#..# ##
### ..
#..........#
#..#$.# (#
..###.#.#.## #
#...) .# ##...##
#.#)...#.# ##.##
#.## #..# #.#
#...###K## #.#
#...@.# #.#
#..#.## ..# #.#
#....# #..# #.#
####.# #..######.#
#.# #.........#
#.# #.#######.#
#.# #.# #.#
#.###.#######.##
#..........#...###


You could see a kobold.

Vanquished Creatures
  A quokka (D:1)
  A rat (D:1)
2 creatures vanquished.

Vanquished Creatures (others)
  4 toadstools (D:1)
4 creatures vanquished.

Grand Total: 6 creatures vanquished

Notes
Turn   | Place    | Note
-------+----------+-------------------------------------------
     0 | D:1      | gzilladon the Demonspawn Necromancer began the quest for
                  | the Orb.
     0 | D:1      | Reached XP level 1. HP: 13/13 MP: 3/3
   115 | D:1      | Learned a level 1 spell: Animate Skeleton
   310 | D:1      | Slain by a kobold

Illustrated notes

Levels and vault maps discovered:
D:1:      ldierk_walled_garden_2, layout_loops_ring, minmay_tetromino_l4

Action                   || total
-------------------------++-------
Melee: Unarmed           ||    21
 Cast: Pain              ||     1
       Animate Skeleton  ||     1
 Stab: Sleeping          ||     1
Armor: Robe              ||     1
Dodge: Dodged            ||    14

Table legend: (Time is in decaauts)
 A = Elapsed time spent in this place.
 B = Non-inter-level travel time spent in this place.
 C = Inter-level travel time spent in this place.
 D = Time resting spent in this place.
 E = Time spent auto-exploring this place.
 F = Levels seen in this place.
 G = Mean time per level.
                   A        B        C        D        E       F      G
               +--------+--------+--------+--------+--------+-----+--------+
         Total |    309 |    309 |      0 |    161 |      0 |   1 |  309.0 |
       Dungeon |    309 |    309 |      0 |    161 |      0 |   1 |  309.0 |
               +--------+--------+--------+--------+--------+-----+--------+

Top non-repeatable levels by time:
     D:1: 309 daAuts
